 Dungeon Crawl Stone Soup version 0.29-a0-559-g359e09b9d1 (webtiles) character file.

Game seed: 4188507222783195889

101 DocClef the Covert (level 4, -2/41 HPs)
             Began as a Gnoll Delver on June 9, 2022.
             Slain by a howler monkey (5 damage)
             ... on level 7 of the Dungeon.
             The game lasted 00:01:17 (599 turns).

DocClef the Covert (Gnoll Delver)                    Turns: 599, Time: 00:01:18

Health: -2/41      AC:  3    Str: 13    XL:     4   Next: 75%
Magic:  5/5        EV: 13    Int: 10    God:
Gold:   58         SH:  0    Dex: 13    Spells: 5/5 levels left

rFire   . . .      SeeInvis .   a - +0 short sword
rCold   + . .      Faith    .   (no shield)
rNeg    . . .      Spirit   .   b - +0 leather armour
rPois   .          Reflect  .   (no helmet)
rElec   .          Harm     .   (no cloak)
rCorr   .          Rampage  .   (no gloves)
Will    .....                   (no boots)
Stlth   ++++......              (no amulet)
HPRegen 0.13/turn               j - ring of protection from cold
MPRegen 0.09/turn               (no ring)

@: no status effects
A: fangs 1, strong nose, distributed training
a: no special abilities


You were on level 7 of the Dungeon.
You visited 1 branch of the dungeon, and saw 3 of its levels.

You collected 58 gold pieces.

Inventory:

Hand Weapons
 a - a +0 short sword (weapon)
Armour
 b - a +0 leather armour (worn)
Jewellery
 j - a ring of protection from cold (left hand)
Wands
 g - a wand of digging (3)
Scrolls
 c - a scroll of fog
 d - a scroll of magic mapping
 e - a scroll of fear
 k - 2 scrolls of teleportation {unknown}
 m - a scroll of summoning {unknown}
 n - a scroll of identify {unknown}
Potions
 f - a potion of haste
 h - 2 potions of might {unknown}
 i - 3 potions of curing {unknown}
 l - a potion of resistance {unknown}


   Skills:
 + Level 6.6 Fighting
 + Level 4.7 Short Blades
 + Level 1.2 Long Blades
 + Level 1.2 Axes
 + Level 1.2 Maces & Flails
 + Level 1.2 Polearms
 + Level 1.2 Staves
 + Level 1.2 Slings
 + Level 1.2 Bows
 + Level 1.2 Crossbows
 + Level 1.2 Throwing
 + Level 1.2 Armour
 + Level 4.7 Dodging
 + Level 9.6 Stealth
 + Level 1.2 Shields
 + Level 1.2 Unarmed Combat
 + Level 1.2 Spellcasting
 + Level 1.0 Conjurations
 + Level 1.0 Hexes
 + Level 1.0 Summonings
 + Level 1.0 Necromancy
 + Level 1.0 Translocations
 + Level 1.0 Transmutations
 + Level 1.0 Fire Magic
 + Level 1.0 Ice Magic
 + Level 1.0 Air Magic
 + Level 1.0 Earth Magic
 + Level 1.0 Poison Magic
 + Level 1.3 Invocations
 + Level 1.2 Evocations


You had 5 spell levels left.
You didn't know any spells.
Your spell library was empty.

Dungeon Overview and Level Annotations

Branches:
Dungeon (7/15)
 Temple: D:4-7

Altars:


Innate Abilities, Weirdness & Mutations

You have very sharp teeth.
Your uncanny sense of smell can sniff out nearby items.
Your experience applies equally to all skills.


Message History

You miss something.
You hear some strange, mumbled words.
A puff of flame appears from out of thin air!
The puff of flame hits you!
You barely miss something. Something hits you.
You barely miss something. You barely miss something.
Your bite misses something. Something hits you.
You hit something but do no damage. Something hits you but does no damage.
You miss something. Something hits you.
You hit something. Something barely misses you.
You completely miss something. Something hits you.
You closely miss something. Something hits you.
You closely miss something. You closely miss something. Something hits you.
You hit something but do no damage. Your bite misses something.
You hear some strange, mumbled words.
You are confused.
You closely miss something. Something hits you.
* * * LOW HITPOINT WARNING * * *
You hit something but do no damage.
The howler monkey hoots and howls with incredible vigour!
Something hits you.
* * * LOW HITPOINT WARNING * * *
You hear a shout! x4
You closely miss something. Something hits you.
* * * LOW HITPOINT WARNING * * *
You closely miss something. Something hits you.
* * * LOW HITPOINT WARNING * * *
You miss something. You hit something but do no damage. Something hits you.
* * * LOW HITPOINT WARNING * * *
You miss something. Something barely misses you.
The howler monkey barely misses you.
You miss something.
You feel less confused. Something hits you but does no damage.
The howler monkey barely misses you.
You miss something. Something hits you.
* * * LOW HITPOINT WARNING * * *
The howler monkey hits you.
You die...

..###.....##
......##.##
.........#
..o.oh...####
o.#[.###....#
#[ ####.# #.
##.### ..∆
#{h..# .
#@...# #....#
######


You could see a howler monkey.

Vanquished Creatures
  A necrophage (D:4)
  An iguana (D:7)
  An adder (D:5)
  An orc (D:7)
4 creatures vanquished.

Notes
Turn   | Place    | Note
-------+----------+-------------------------------------------
     0 | D:5      | Reached skill level 9 in Stealth
     0 | D:5      | DocClef the Gnoll Delver began the quest for the Orb.
     0 | D:5      | Reached XP level 1. HP: 23/23 MP: 1/1
    70 | D:5      | Reached XP level 2. HP: 26/29 MP: 2/2
   272 | D:4      | Noticed a necrophage
   274 | D:4      | Killed a necrophage
   275 | D:4      | Reached skill level 1 in Long Blades
   275 | D:4      | Reached skill level 1 in Axes
   275 | D:4      | Reached skill level 1 in Maces & Flails
   275 | D:4      | Reached skill level 1 in Polearms
   275 | D:4      | Reached skill level 1 in Staves
   275 | D:4      | Reached skill level 1 in Slings
   275 | D:4      | Reached skill level 1 in Bows
   275 | D:4      | Reached skill level 1 in Crossbows
   275 | D:4      | Reached skill level 1 in Throwing
   275 | D:4      | Reached skill level 1 in Armour
   275 | D:4      | Reached skill level 1 in Shields
   275 | D:4      | Reached skill level 1 in Unarmed Combat
   275 | D:4      | Reached skill level 1 in Spellcasting
   275 | D:4      | Reached skill level 1 in Invocations
   275 | D:4      | Reached skill level 1 in Evocations
   275 | D:4      | Reached XP level 3. HP: 8/35 MP: 2/4
   275 | D:4      | Reached XP level 4. HP: 9/41 MP: 2/5
   539 | D:4      | You fall into a shaft and drop 3 floors!
   552 | D:7      | Reached skill level 1 in Conjurations
   552 | D:7      | Reached skill level 1 in Hexes
   552 | D:7      | Reached skill level 1 in Summonings
   552 | D:7      | Reached skill level 1 in Necromancy
   552 | D:7      | Reached skill level 1 in Translocations
   552 | D:7      | Reached skill level 1 in Transmutations
   552 | D:7      | Reached skill level 1 in Fire Magic
   552 | D:7      | Reached skill level 1 in Ice Magic
   552 | D:7      | Reached skill level 1 in Air Magic
   552 | D:7      | Reached skill level 1 in Earth Magic
   552 | D:7      | Reached skill level 1 in Poison Magic
   599 | D:7      | Slain by a howler monkey

Illustrated notes

Levels and vault maps discovered:
D:4:      layout_rooms, minmay_temple_entry_steel_oval, nrook_campfire,
          nicolae_shop_overcharged_wands
D:5:      layout_rooms, nicolae_qazlal_general_emergency
D:7:      layout_rooms

Skill      XL: |  1  2  3  4 |
---------------+-------------+-----
Stealth        | |  9.6
Long Blades    | 1 |  1.2
Axes           | 1 |  1.2
Maces & Flails | 1 |  1.2
Polearms       | 1 |  1.2
Staves         | 1 |  1.2
Slings         | 1 |  1.2
Bows           | 1 |  1.2
Crossbows      | 1 |  1.2
Throwing       | 1 |  1.2
Armour         | 1 |  1.2
Shields        | 1 |  1.2
Unarmed Combat | 1 |  1.2
Spellcasting   | 1 |  1.2
Invocations    | 1 |  1.3
Evocations     | 1 |  1.2
Conjurations   | 1 |  1.0
Hexes          | 1 |  1.0
Summonings     | 1 |  1.0
Necromancy     | 1 |  1.0
Translocations | 1 |  1.0
Transmutations | 1 |  1.0
Fire Magic     | 1 |  1.0
Ice Magic      | 1 |  1.0
Air Magic      | 1 |  1.0
Earth Magic    | 1 |  1.0
Poison Magic   | 1 |  1.0
Fighting       | |  6.6
Short Blades   | |  4.7
Dodging        | |  4.7

Action                   |  1- 3 |  4- 6 || total
-------------------------+-------+-------++-------
Melee: Short sword       |     7 |    33 ||    40
 Stab: Sleeping          |     1 |       ||     1
       Distracted        |       |     1 ||     1
Armor: Leather armour    |     1 |     2 ||     3
Dodge: Dodged            |     2 |     8 ||    10

Table legend: (Time is in decaauts)
 A = Elapsed time spent in this place.
 B = Non-inter-level travel time spent in this place.
 C = Inter-level travel time spent in this place.
 D = Time resting spent in this place.
 E = Time spent auto-exploring this place.
 F = Levels seen in this place.
 G = Mean time per level.
                   A        B        C        D        E       F      G
               +--------+--------+--------+--------+--------+-----+--------+
         Total |    592 |    592 |      0 |    269 |    230 |   3 |  197.3 |
       Dungeon |    592 |    592 |      0 |    269 |    230 |   3 |  197.3 |
               +--------+--------+--------+--------+--------+-----+--------+

Top non-repeatable levels by time:
     D:5: 270 daAuts
     D:4: 266 daAuts
     D:7: 55 daAuts
